 Dungeon Crawl Stone Soup version 0.28.0-47-ge53b351184 (webtiles) character file.

Game seed: 15609723255174400817

2431 issech the Basher (level 9, -5/88 HPs)
             Began as a Troll Monk on May 10, 2022.
             Slain by Duvessa
             ... wielding a +2 short sword of venom
              (10 damage)
             ... on level 7 of the Dungeon.
             The game lasted 00:22:15 (5727 turns).

issech the Basher (Troll Monk)                      Turns: 5727, Time: 00:22:15

Health: -5/88      AC: 16    Str: 25    XL:     9   Next: 24%
Magic:  8/8        EV: 12    Int:  6    God:
Gold:   397        SH:  0    Dex: 16    Spells: 8/8 levels left

rFire   . . .      SeeInvis .   g - +1 mace (protect)
rCold   . . .      Faith    .   (no shield)
rNeg    + . .      Spirit   .   t - +2 robe {Will+}
rPois   .          Reflect  .   (helmet restricted)
rElec   .          Harm     .   T - +2 cloak of the Sky {rCorr}
rCorr   +          Rampage  .   (gloves unavailable)
Will    ++...                   (boots unavailable)
Stlth   ++........              h - amulet of regeneration
HPRegen 1.84/turn               O - ring of willpower
MPRegen 0.11/turn               S - ring "Faump" {rN+ Str+4}

@: lethally poisoned (-5 -> -17), under a protective aura
A: large, unfitting armour, claws 3, regeneration 1, shaggy fur 1, tough skin 1
a: no special abilities


You were on level 7 of the Dungeon.
You visited 2 branches of the dungeon, and saw 8 of its levels.

You collected 397 gold pieces.

Inventory:

Hand Weapons
 a - a +0 mace
 d - a +4 short sword
 g - a +1 mace of protection (weapon)
 p - a +2 scimitar of holy wrath
 s - a +0 short sword of draining
 G - a +0 giant spiked club
 J - a +0 flail of draining
 K - a +0 great mace
 V - a +0 hand crossbow
Missiles
 e - 184 stones
 l - 101 arrows
 n - 15 sling bullets
 D - 4 silver boomerangs (quivered)
 N - 6 atropa-tipped darts
 Q - 11 poisoned darts
 R - 39 bolts
Armour
 b - a +0 robe
 t - a +2 robe of willpower (worn)
 F - an orb of guile
 T - the +2 cloak of the Sky (worn) {rCorr}
   (You found it on level 6 of the Dungeon)

   rCorr:     It protects you from acid and corrosion.
Magical Staves
 r - a staff of cold
Jewellery
 h - an amulet of regeneration (around neck)
 x - an amulet of the acrobat
 M - the amulet of Azipnug {Acrobat Harm rC+ Int-4}
   (You found it on level 5 of the Dungeon)

   [amulet of the acrobat]

   It increases your evasion while moving and waiting.
   Int:       It affects your intelligence (-4).
   rC:        It protects you from cold.
   Harm:      It increases damage dealt and taken.
 O - a ring of willpower (left claw)
 P - a ring of protection from fire
 S - the ring "Faump" (right claw) {rN+ Str+4}
   (You found it on level 6 of the Dungeon)

   [ring of positive energy]

   Str:       It affects your strength (+4).
   rN:        It protects you from negative energy.
Wands
 w - a wand of iceblast (16)
Scrolls
 c - a scroll of summoning
 j - 3 scrolls of teleportation
 k - 3 scrolls of vulnerability
 v - a scroll of fog
 y - 2 scrolls of immolation {unknown}
 A - a scroll of silence {unknown}
 B - 2 scrolls of amnesia {unknown}
 C - a scroll of fear {unknown}
 H - a scroll of magic mapping {unknown}
 U - a scroll of torment {unknown}
Potions
 f - 2 potions of might {unknown}
 i - 5 potions of heal wounds {unknown}
 m - a potion of ambrosia {unknown}
 o - 3 potions of degeneration {unknown}
 q - 8 potions of curing {unknown}
 u - 3 potions of attraction {unknown}
 z - a potion of mutation {unknown}
 E - a potion of brilliance {unknown}
 I - a potion of flight {unknown}
 L - a potion of haste {unknown}


   Skills:
 + Level 5.3 Fighting
 + Level 0.2 Short Blades
 + Level 8.2 Maces & Flails
 + Level 2.5 Throwing
 + Level 5.5 Dodging
 + Level 1.8 Stealth


You had 8 spell levels left.
You didn't know any spells.
Your spell library contained the following spells:

 Spells                   Type           Power      Damage    Failure   Level
 Animate Skeleton         Necr           0%         N/A       45%         1
 Pain                     Necr           0%         1d4       45%         1
 Summon Small Mammal      Summ           0%         N/A       45%         1
 Ensorcelled Hibernation  Hex/Ice        0%         N/A       58%         2
 Passwall                 Tmut/Erth      0%         N/A       58%         2
 Call Canine Familiar     Summ           0%         N/A       83%         3
 Portal Projectile        Hex/Tloc       0%         N/A       83%         3
 Summon Guardian Golem    Hex/Summ       0%         N/A       83%         3
 Swiftness                Air            0%         N/A       83%         3
 Vampiric Draining        Necr           0%         2d6       83%         3
 Leda's Liquefaction      Hex/Erth       0%         N/A       99%         4


Dungeon Overview and Level Annotations

Branches:
Dungeon (7/15)             Temple (1/1) D:6

Altars:
Ashenzari
Dithmenos
Elyvilon
Gozag
Kikubaaqudgha
Okawaru
Qazlal
Ru
Trog
Vehumet
Wu Jian
Xom
Yredelemnul
The Shining One

Shops:
D:4 [

Annotations:
D:6 2 transporters
D:7 Duvessa


Innate Abilities, Weirdness & Mutations

You are too large for most types of armour.
You have claws for hands.
Your natural rate of healing is unusually fast.
You are covered in fur. (AC +1)
You have tough skin. (AC +1)


Message History

Duvessa hits you with a +2 short sword of venom!
You are more poisoned.
You sock Duvessa!
Duvessa is severely wounded.
You feel extremely sick. Duvessa barely misses you.
You hit Duvessa.
Duvessa is severely wounded.
You feel very sick. Duvessa hits you but does no damage. x2
You are more poisoned.
You sock Duvessa!
Duvessa is almost dead.
You feel extremely sick. Duvessa misses you.
You hit Duvessa.
Duvessa is almost dead.
You feel very sick. Duvessa barely misses you.
Duvessa hits you with a +2 short sword of venom.
You are more poisoned.
You barely miss Duvessa.
Duvessa is almost dead.
You feel very sick.
Duvessa hits you with a +2 short sword of venom!
* * * LOW HITPOINT WARNING * * *
You are lethally poisoned!
You hit Duvessa but do no damage.
Duvessa is almost dead.
* * * LOW HITPOINT WARNING * * *
You feel extremely sick. Duvessa hits you but does no damage.
You are more poisoned.
Duvessa completely misses you.
You hit Duvessa.
Duvessa is almost dead.
* * * LOW HITPOINT WARNING * * *
You feel extremely sick.
Duvessa hits you with a +2 short sword of venom!
You die...

... ....
####....
####.....
.......
....#
####e.###
#)..@...#
#.......#
#.......##
#........#
##+###.#.#
#.#..+
#†####
###..#
+....#


You could see Duvessa (berserk).

Vanquished Creatures
  The ghost of ces the Chopper, an amateur GnCA of Ignis (D:5)
  Sigmund (D:2)
  Edmund (D:5)
  A water moccasin (D:7)
  An orc warrior (D:7)
  A sky beast (D:6)
  3 ice beasts
  2 ogres
  A necrophage (D:4)
  A phantom (D:6)
  3 centaurs
  2 kobold brigands
  Dowan (D:7)
  A howler monkey (D:6)
  A bullfrog zombie (D:6)
  An orc priest (D:7)
  3 centaur skeletons
  Jessica (D:2)
  2 iguanas
  2 orc wizards (D:7)
  A hound skeleton (D:4)
  14 gnolls
  A howler monkey skeleton (D:5)
  5 adders
  A shadow imp (D:6)
  2 ufetubi
  2 worms
  2 dart slugs (D:4)
  4 orcs (D:7)
  2 bats (D:2)
  4 endoplasms
  2 giant cockroaches
  10 goblins
  10 hobgoblins
  11 jackals
  2 quokkas
  7 ball pythons
  15 frilled lizards
  14 kobolds
  8 rats
  A spectral orc (D:6)
148 creatures vanquished.

Vanquished Creatures (others)
  6 plants (D:1)
6 creatures vanquished.

Grand Total: 154 creatures vanquished

Notes
Turn   | Place    | Note
-------+----------+-------------------------------------------
     0 | D:1      | issech the Troll Monk began the quest for the Orb.
     0 | D:1      | Reached XP level 1. HP: 22/22 MP: 0/0
   303 | D:1      | Reached XP level 2. HP: 29/29 MP: 1/1
   392 | D:1      | Reached skill level 3 in Maces & Flails
   530 | D:1      | Reached XP level 3. HP: 27/36 MP: 2/2
   694 | D:1      | Found a faded altar of an unknown god.
  1402 | D:2      | Noticed Jessica
  1416 | D:2      | Killed Jessica
  1417 | D:2      | Reached XP level 4. HP: 35/44 MP: 3/3
  1561 | D:2      | Noticed Sigmund
  1944 | D:2      | Killed Sigmund
  1945 | D:2      | Reached skill level 4 in Maces & Flails
  1945 | D:2      | Reached skill level 1 in Throwing
  1945 | D:2      | Reached XP level 5. HP: 53/53 MP: 4/4
  2042 | D:3      | Reached XP level 6. HP: 59/61 MP: 5/5
  2952 | D:4      | Found Faul's Armour Shoppe.
  3028 | D:4      | Noticed an ice beast
  3041 | D:4      | Killed an ice beast
  3042 | D:4      | Reached skill level 5 in Maces & Flails
  3170 | D:4      | Reached XP level 7. HP: 67/67 MP: 6/6
  3533 | D:5      | Entered Level 5 of the Dungeon
  3586 | D:4      | Reached skill level 6 in Maces & Flails
  3686 | D:5      | Reached XP level 8. HP: 52/78 MP: 7/7
  3726 | D:5      | Noticed Edmund
  3728 | D:5      | Found a broken altar of Ashenzari.
  3765 | D:5      | Killed Edmund
  3787 | D:5      | Found a runed translucent door.
  3787 | D:5      | Noticed ces's ghost (amateur GnCA)
  3823 | D:5      | Identified the amulet of Azipnug {Acrobat Harm rC+ Int-4}
  4165 | D:6      | Found a transporter.
  4173 | D:6      | Noticed a kobold demonologist
  4354 | D:6      | Reached skill level 7 in Maces & Flails
  4458 | D:6      | Found a staircase to the Ecumenical Temple.
  4467 | Temple   | Entered the Ecumenical Temple
  4603 | D:6      | Identified the ring "Faump" {rN+ Str+4}
  4718 | D:6      | Reached skill level 5 in Dodging
  4724 | D:6      | Found a basalt altar of Yredelemnul.
  4911 | D:6      | Found a transporter.
  4949 | D:6      | Identified the +2 cloak of the Sky {rCorr}
  5128 | D:5      | Killed ces's ghost
  5129 | D:5      | Reached skill level 5 in Fighting
  5394 | D:7      | Reached XP level 9. HP: 88/88 MP: 8/8
  5629 | D:7      | Reached skill level 8 in Maces & Flails
  5698 | D:7      | Noticed Dowan
  5712 | D:7      | Killed Dowan
  5715 | D:7      | Noticed Duvessa
  5727 | D:7      | Slain by Duvessa

Illustrated notes

Levels and vault maps discovered:
D:1:      eino_arrival_druids_welcome, layout_basic,
          hellmonk_ecumenical_altar_dog_temple, chequers_garden,
          minmay_lizard_king
D:2:      minmay_angry_zag, layout_rooms, uniq_sigmund, uniq_jessica
D:3:      cheibrodos_greedy_goblins, layout_rooms
D:4:      layout_loops_ring, serial_shops, kennysheep_little_box,
          hangedman_abyss_or_decor_passed
D:5:      layout_cave_pools, overflow_temple_1_default,
          hellmonk_ghost_happy_afterlife, uniq_edmund
D:6:      gammafunk_wand_slinger, layout_basic,
          yredelemnul_forgotten_temple_becter, lemuel_temple_firewalk_b
D:7:      minmay_octagon_keep, layout_basic, mainiacjoe_overflow_alcove_3,
          serial_shops, shop, uniq_duvessa
Temple:   nicolae_temple_x_marks_the_god

Skill      XL: |  1  2  3  4  5  6  7  8  9 |
---------------+----------------------------+-----
Maces & Flails | 3 4 5 6 7 8 |  8.2
Fighting       | 3 4 5 |  5.3
Dodging        | 3 4 5 |  5.5
Throwing       | 1 2 |  2.5
Short Blades   | |  0.2
Stealth        | |  1.8

Action                   |  1- 3 |  4- 6 |  7- 9 || total
-------------------------+-------+-------+-------++-------
Melee: Short sword       |    17 |       |       ||    17
       Mace              |   127 |   196 |   317 ||   640
       Punch             |     1 |     3 |     2 ||     6
Throw: Stone             |    36 |    44 |     7 ||    87
       Boomerang         |       |       |    16 ||    16
  Use: Scroll            |       |       |     4 ||     4
 Stab: Sleeping          |     1 |       |       ||     1
Armor: Robe              |    98 |   121 |   198 ||   417
Dodge: Dodged            |   151 |   158 |   211 ||   520
